[Event "Team 45 45 League 2006 Invitational"]
[Site "Internet Chess Club"]
[Date "2006.12.10"]
[Round "6"]
[White "Boromir"]
[Black "A-Ru"]
[Result "1/2-1/2"]
[WhiteElo "1951"]
[BlackElo "1924"]
[TimeControl "2700+45"]

1. e4 e6 2. d4 d5 3. Nc3 Nf6 4. e5 Nfd7 5. f4 c5 6. Nf3 Nc6 7. Be3 Qb6 8. Na4 Qa5+ 9. c3 cxd4 10. b4 Qc7 11. Nxd4 a6 12. Qd2 b5 13. Nb2 Nb6 14. a4 Nc4 15. Nxc4 bxc4 16. Nxc6 Qxc6 17. Bd4 Be7 18. Be2 O-O 19. O-O Bd7 20. Qe3 Qb7 21. Bg4 Rfb8 22. Rfb1 Qc8 23. Qg3 Qf8 24. Qe1 Qe8 25. Bd1 Qf8 26. Bc2 f5 27. h3 g5 28. Qd2 gxf4 29. Qxf4 Qg7 30. h4 Kh8 31. Kh2 Rg8 32. Rg1 Qg4 33. Qxg4 Rxg4 34. g3 f4 35. Kh3 Rag8 36. Bf2 fxg3 37. Bxg3 R8g7 38. Bf2 Rxg1 39. Rxg1 Rxg1 40. Bxg1 Kg7 41. Kg4 Bd8 42. Be3 Bc7 43. Bf4 Bb6 44. h5 d4 45. h6+ Kg8 46. cxd4 Bxd4 47. Kg5 Bc3 48. b5 axb5 49. axb5 Ba5 50. Ba4 Bd8+ 51. Kg4 Kf7 52. Bc2 Kg8 53. Ba4 Bb6 54. Kf3 Bc8 55. Be3 Bc7 56. Kf4 Bb7 57. b6 Bd8 58. Bc2 Bh4 59. Be4 Bxe4 60. Kxe4 Bd8 61. b7 Bc7 62. Kd4 c3 63. Kxc3 Bxe5+ 64. Bd4 Bb8 65. Bg7 Kf7 66. Kd3 e5 67. Ke4 Ke6 68. Bh8 Bc7 69. Bg7 Bb8 70. Bf8 Kf7 {Game drawn by mutual agreement} 1/2-1/2

[Event "Team 45 45 League 2006 Invitational"]
[Site "Internet Chess Club"]
[Date "2006.12.10"]
[Round "6"]
[White "jocooper"]
[Black "WzeroMN"]
[Result "0-1"]
[WhiteElo "1082"]
[BlackElo "1200"]
[TimeControl "2700+45"]

1. d4 d5 2. Nf3 Bf5 3. e3 e6 4. Nbd2 Nf6 5. Bd3 Bxd3 6. cxd3 Bb4 7. O-O O-O 8. e4 Bxd2 9. Bxd2 dxe4 10. dxe4 Nxe4 11. Rc1 Nc6 12. Bb4 Nxb4 13. Qb3 a5 14. Rfe1 Nf6 15. Ne5 Qd5 16. Rxc7 Qxb3 17. axb3 Rab8 18. Rec1 Nbd5 19. R7c5 b6 20. R5c2 Ne7 21. Rc7 Rbc8 22. b4 Rxc7 23. Rxc7 Rc8 24. Rxc8+ Nxc8 25. Nc6 a4 26. b5 Nd6 27. Na7 Nc4 28. Nc8 Nxb2 29. Ne7+ Kf8 30. Nc6 a3 31. Nb4 Nd5 32. Na2 Ke7 33. Kf1 Kd6 34. Ke2 e5 35. dxe5+ Kxe5 36. Kd2 Kd4 37. Kc2 Kc4 38. g4 Kxb5 39. Nc3+ Nxc3 40. Kxc3 Kc5 41. Kb3 Nc4 42. f4 b5 43. h4 Kd5 44. f5 f6 45. g5 fxg5 46. hxg5 Ke5 47. f6 gxf6 48. gxf6 Kxf6 49. Ka2 h5 {White resigns} 0-1

[Event "Team 45 45 League 2006 Invitational"]
[Site "Internet Chess Club"]
[Date "2006.12.10"]
[Round "6"]
[White "grandpa06"]
[Black "curtintime"]
[Result "1-0"]
[WhiteElo "1448"]
[BlackElo "1343"]
[TimeControl "2700+45"]

1. e4 e5 2. Nf3 Nc6 3. d4 exd4 4. Nxd4 Bc5 5. c3 Nf6 6. Bg5 d6 7. Be2 Qe7 8. O-O O-O 9. Nxc6 bxc6 10. Bxf6 Qxf6 11. Nd2 Re8 12. Bf3 Bb7 13. a4 a6 14. b4 Ba7 15. Rc1 d5 16. Qc2 c5 17. exd5 c4 18. Nxc4 Rad8 19. Ne3 Rxe3 20. fxe3 Bxe3+ 21. Kh1 Bxc1 22. Qxc1 Bxd5 23. Bxd5 Rxd5 24. Rxf6 {Black resigns} 1-0

[Event "Team 45 45 League 2006 Invitational"]
[Site "Internet Chess Club"]
[Date "2006.12.11"]
[Round "6"]
[White "Orforded"]
[Black "furrbrain"]
[Result "0-1"]
[WhiteElo "1278"]
[BlackElo "1156"]
[TimeControl "2700+45"]

1. e4 e6 2. d4 d5 3. e5 c5 4. c3 Qb6 5. Nf3 Nc6 6. a3 Nge7 7. Nbd2 cxd4 8. Qb3 Qxb3 9. Nxb3 dxc3 10. bxc3 Nf5 11. Bd3 Be7 12. g3 O-O 13. O-O f6 14. g4 Nh6 15. Nbd4 Nxg4 16. Nxc6 bxc6 17. h3 Nxe5 18. Nxe5 fxe5 19. f4 Bc5+ 20. Kh1 e4 21. Be2 e5 22. Kh2 Bd6 23. Kg3 Rf6 24. c4 Rg6+ 25. Kf2 Bc5+ 26. Ke1 e3 27. fxe5 Bxh3 28. Rh1 Bg2 29. Rh5 Re8 30. cxd5 cxd5 31. Bb5 Rf8 32. Bb2 Bf3 33. Rh2 Rg1+ 34. Bf1 e2 35. Rxe2 Bxe2 36. Kxe2 Rf2+ 37. Kd3 Rg3# {White checkmated} 0-1

[Event "Team 45 45 League 2006 Invitational"]
[Site "Internet Chess Club"]
[Date "2006.12.11"]
[Round "6"]
[White "AlPearson"]
[Black "clarinetref"]
[Result "0-1"]
[WhiteElo "1442"]
[BlackElo "1517"]
[TimeControl "2700+45"]

1. e4 d6 2. d4 Nf6 3. Nc3 g6 4. f4 Bg7 5. Bc4 O-O 6. Nf3 Nxe4 7. Nxe4 d5 8. Ned2 dxc4 9. Nxc4 Nc6 10. c3 Bf5 11. O-O e6 12. Ne3 Be4 13. Ng5 Bf5 14. Nxf5 exf5 15. Qb3 Na5 16. Qb5 b6 17. Bd2 c5 18. b4 cxb4 19. cxb4 Bxd4+ 20. Kh1 Bxa1 21. bxa5 Qxd2 22. Rxa1 Qxf4 23. Nf3 bxa5 24. Qxa5 Rfc8 25. h3 Rc1+ 26. Rxc1 Qxc1+ 27. Kh2 Qe3 28. Qc7 Re8 29. Ng5 Qxg5 {White resigns} 0-1

[Event "Team 45 45 League 2006 Invitational"]
[Site "Internet Chess Club"]
[Date "2006.12.11"]
[Round "6"]
[White "camembert"]
[Black "SpikeyJ"]
[Result "1-0"]
[WhiteElo "1943"]
[BlackElo "1913"]
[TimeControl "2700+45"]

1. d4 Nf6 2. c4 g6 3. Nc3 d5 4. Bf4 Bg7 5. e3 c5 6. dxc5 Qa5 7. Qa4+ Qxa4 8. Nxa4 Bd7 9. Nc3 Ne4 10. Nxd5 Na6 11. Nf3 e6 12. Nc7+ Nxc7 13. Bxc7 Bxb2 14. Rb1 Bc3+ 15. Ke2 Nxc5 16. Be5 Bxe5 17. Nxe5 b6 18. g3 Rc8 19. Bg2 Ba4 20. Rhc1 Ke7 21. Nd3 Nxd3 22. Kxd3 Rhd8+ 23. Ke2 Rc7 24. Rb4 Bc6 25. Bxc6 Rxc6 26. a4 Rc5 27. Ra1 e5 28. a5 Rxa5 29. Rxa5 bxa5 30. Rb5 a6 31. Rxa5 Rd6 32. Rxe5+ Kd7 33. h4 f6 34. Rd5 f5 35. f3 Ke6 36. Rxd6+ Kxd6 37. e4 Ke5 38. c5 fxe4 39. fxe4 h5 40. Kd3 a5 41. Kc4 Kxe4 42. c6 Kf3 43. c7 Kxg3 44. c8=Q Kxh4 {Black resigns} 1-0

[Event "Team 45 45 League 2006 Invitational"]
[Site "Internet Chess Club"]
[Date "2006.12.11"]
[Round "6"]
[White "JustinZ"]
[Black "carolinaknight"]
[Result "0-1"]
[WhiteElo "1257"]
[BlackElo "1329"]
[TimeControl "2700+45"]

1. e4 e6 2. d4 d5 3. exd5 exd5 4. Nc3 c6 5. Nf3 Bf5 6. Ne5 Nf6 7. Qe2 Be7 8. Bg5 O-O 9. Bxf6 Bxf6 10. Qd2 Re8 11. f4 Qb6 12. O-O-O Be7 13. Na4 Qb4 14. Qxb4 Bxb4 15. Bd3 Bxd3 16. Rxd3 Bd6 17. Re1 Na6 18. g4 Nb4 19. Rde3 Nxa2+ 20. Kb1 Nb4 21. h4 f6 22. Nd7 Rxe3 23. Rxe3 Bxf4 24. Rb3 a5 25. Nab6 Re8 26. Rxb4 axb4 {White resigns} 0-1

[Event "Team 45 45 League 2006 Invitational"]
[Site "Internet Chess Club"]
[Date "2006.12.11"]
[Round "6"]
[White "Tomate"]
[Black "jharris8000"]
[Result "0-1"]
[WhiteElo "1402"]
[BlackElo "1472"]
[TimeControl "2700+45"]

1. e4 e6 2. d4 d5 3. exd5 exd5 4. Nf3 Nf6 5. c4 c6 6. Nc3 Be7 7. c5 O-O 8. Bd3 Re8 9. O-O Bg4 10. Be2 Nbd7 11. Ng5 Bxe2 12. Qxe2 Bxc5 13. Qd3 Bd6 14. Nf3 Qc7 15. g3 Re7 16. Be3 Rae8 17. Nh4 Ne4 18. Rfe1 Ndf6 19. Nf5 Re6 20. Nxd6 Nxd6 21. h3 Nc4 22. Nd1 Nxe3 23. Nxe3 Ne4 24. Kg2 h5 25. Rf1 Nxg3 26. fxg3 Rxe3 {White resigns} 0-1

[Event "Team 45 45 League 2006 Invitational"]
[Site "Internet Chess Club"]
[Date "2006.12.11"]
[Round "6"]
[White "SargentBono"]
[Black "tammany"]
[Result "1-0"]
[WhiteElo "1722"]
[BlackElo "1720"]
[TimeControl "2700+45"]

1. e4 c5 2. Nf3 d6 3. d4 cxd4 4. Nxd4 Nf6 5. Nc3 a6 6. Be3 e5 7. Nf3 Be7 8. Bc4 O-O 9. O-O Nbd7 10. a4 Qc7 11. Qe2 Nc5 12. Bd5 Be6 13. Bxe6 fxe6 14. Qc4 Nfxe4 15. Nxe4 d5 16. Qc3 d4 17. Nxd4 Rac8 18. Nxe6 Nxe6 19. Qb3 Qc6 20. f3 Kh8 21. Rfd1 Nc5 22. Qb4 Nxe4 23. Qxe7 Rfe8 24. Qd7 Nf6 25. Qxc6 Rxc6 26. c3 e4 27. fxe4 Rxe4 28. Rd8+ Ng8 29. Bd4 Re2 30. Rf1 Rg6 31. Rff8 Rgxg2+ 32. Kf1 h6 33. Rxg8+ Kh7 34. Rxg7+ Rxg7 35. Kxe2 Rg2+ 36. Bf2 Rxh2 37. Rd7+ Kg6 38. Rxb7 h5 39. Rb6+ Kg5 40. Rxa6 h4 41. a5 h3 42. Ra8 Kf4 43. a6 Rg2 44. a7 h2 45. Rh8 h1=Q 46. Rxh1 Rg8 47. Bd4 Re8+ 48. Kd3 Kf5 49. Rh8 {Black resigns} 1-0

[Event "Team 45 45 League 2006 Invitational"]
[Site "Internet Chess Club"]
[Date "2006.12.11"]
[Round "6"]
[White "MPknight"]
[Black "DaveTheRook"]
[Result "0-1"]
[WhiteElo "1644"]
[BlackElo "1682"]
[TimeControl "2700+45"]

1. d4 d5 2. Nf3 Nf6 3. c4 e6 4. Nc3 Be7 5. Bg5 O-O 6. e3 h6 7. Bh4 b6 8. Bd3 dxc4 9. Bxc4 Bb7 10. O-O Nbd7 11. Rc1 Rc8 12. Be2 c5 13. dxc5 Nxc5 14. Qxd8 Rfxd8 15. Rfd1 Kf8 16. Rxd8+ Rxd8 17. Rd1 Rxd1+ 18. Nxd1 Nce4 19. h3 g5 20. Bg3 Nxg3 21. fxg3 Ne4 22. g4 Bf6 23. b3 Ke7 24. Ne1 Kd6 25. Bf3 Bd5 26. Nd3 a5 27. N3f2 Nc5 28. Bxd5 Kxd5 29. Kf1 b5 30. Ke2 a4 31. Nd3 axb3 32. Nxc5 bxa2 33. Nb3 Kc4 34. Nd2+ Kb4 35. e4 a1=Q 36. Ne3 Qa2 {White resigns} 0-1

[Event "Team 45 45 League 2006 Invitational"]
[Site "Internet Chess Club"]
[Date "2006.12.11"]
[Round "6"]
[White "Theodulf"]
[Black "fredd"]
[Result "1-0"]
[WhiteElo "1760"]
[BlackElo "1586"]
[TimeControl "2700+45"]

1. e4 e5 2. Nf3 Nc6 3. Bb5 Nf6 4. d3 d6 5. c3 a6 6. Bxc6+ bxc6 7. Bg5 Be7 8. Nbd2 O-O 9. b4 Re8 10. O-O a5 11. a3 Ba6 12. Bxf6 Bxf6 13. c4 d5 14. Re1 dxc4 15. Nxc4 Bxc4 16. dxc4 axb4 17. axb4 Rxa1 18. Qxa1 Qb8 19. Qc3 Qc8 20. Rd1 Rd8 21. Rxd8+ Qxd8 22. Qd2 Qd6 23. c5 Qxd2 24. Nxd2 Kf8 25. Nf3 Ke7 26. g3 Kd7 27. Kf1 Kc8 28. Ke2 Kb7 29. Kd3 g6 30. Kc4 h6 31. h3 Bg7 32. Nh4 Bf6 33. Nf3 Bg7 34. Nd2 Bf6 35. Nb3 Kc8 36. Na5 Kd7 37. Kd3 Bg5 38. Nc4 Bf6 39. h4 g5 40. hxg5 hxg5 41. Ke3 Ke6 42. Na5 Kd7 43. Kf3 Bg7 44. Kg4 f6 45. Kf5 {Black resigns} 1-0

[Event "Team 45 45 League 2006 Invitational"]
[Site "Internet Chess Club"]
[Date "2006.12.11"]
[Round "6"]
[White "Sean"]
[Black "Cantemir"]
[Result "1-0"]
[WhiteElo "1585"]
[BlackElo "1588"]
[TimeControl "2700+45"]

1. c4 e6 2. g3 c5 3. Bg2 Nc6 4. Nc3 Nf6 5. Nf3 Be7 6. O-O O-O 7. e4 d6 8. d3 e5 9. a3 Be6 10. Nd5 Qd7 11. Nxe7+ Nxe7 12. Ng5 Bg4 13. f3 Bh5 14. Be3 h6 15. Nh3 Nc6 16. Rb1 Nd4 17. Nf2 Rac8 18. Bxd4 cxd4 19. Bh3 Qe7 20. Bxc8 Rxc8 21. b4 Nh7 22. Nh3 Ng5 23. Nxg5 Qxg5 24. Qe2 f5 25. Rb2 f4 26. g4 Kh7 27. Qg2 Bf7 28. Rc2 h5 29. h3 h4 30. Rb1 Be8 31. Qf1 d5 32. Qf2 dxe4 33. dxe4 d3 34. Rc3 Bf7 35. Rbc1 Qd8 36. Qd2 Qd4+ 37. Kg2 Bxc4 38. Kh2 b5 39. Kg2 Qe3 40. Rd1 Qe2+ 41. Qxe2 dxe2 42. Re1 Rd8 43. Rcc1 Rd2 44. Ra1 Bb3 45. Kf2 Bd1 46. Rg1 g5 47. Rc1 Bc2 48. Ke1 Bd3 49. Kxd2 {Black resigns} 1-0

[Event "Team 45 45 League 2006 Invitational"]
[Site "Internet Chess Club"]
[Date "2006.12.11"]
[Round "6"]
[White "Flying-Tiger"]
[Black "azbycx"]
[Result "0-1"]
[WhiteElo "1891"]
[BlackElo "1989"]
[TimeControl "2700+45"]

1. e4 c5 2. Nc3 Nc6 3. f4 g6 4. Nf3 Bg7 5. Bb5 Nd4 6. O-O Nh6 7. d3 O-O 8. Kh1 d6 9. Nxd4 cxd4 10. Ne2 Bg4 11. Qe1 f5 12. Ng3 e5 13. Qb4 Kh8 14. Bd2 Rc8 15. Bc4 b6 16. c3 dxc3 17. Bxc3 fxe4 18. Nxe4 d5 19. Ba6 dxe4 20. Bxc8 Qxc8 21. dxe4 exf4 22. Bxg7+ Kxg7 23. Qe7+ Rf7 24. Qe5+ Kg8 25. Rxf4 Qc7 26. Qe8+ Kg7 27. Rff1 Bd7 28. Rxf7+ Nxf7 29. Qe7 Qc6 30. Rf1 Qe6 31. Qxe6 Bxe6 32. a3 Bc4 33. Rc1 b5 34. Rd1 Ne5 35. Rd8 a5 36. Rb8 a4 37. Rd8 Nd3 38. Kg1 Nxb2 39. Kf2 g5 40. Ke3 Bf1 41. Kf2 Bd3 42. Ke3 Bc2 43. Kd2 Bxe4 44. g3 Nc4+ 45. Kc3 Nxa3 46. Kb4 Nc2+ 47. Kxb5 a3 48. Rd7+ Kg6 49. Ra7 Bd5 50. Kc5 Bf7 51. Ra6+ Kg7 {White resigns} 0-1

[Event "Team 45 45 League 2006 Invitational"]
[Site "Internet Chess Club"]
[Date "2006.12.16"]
[Round "6"]
[White "baumhauer"]
[Black "martineden"]
[Result "1/2-1/2"]
[WhiteElo "2070"]
[BlackElo "1900"]
[TimeControl "2700+45"]

1. d4 d5 2. c4 e6 3. Nc3 Nf6 4. Nf3 Be7 5. Bf4 O-O 6. e3 c5 7. Rc1 cxd4 8. exd4 Nc6 9. c5 Nh5 10. Bg3 b6 11. Bb5 Nxg3 12. hxg3 Bb7 13. Bxc6 Bxc6 14. Ne5 Rc8 15. Qh5 h6 16. b4 Bb7 17. Ng4 Bg5 18. f4 Bf6 19. Ne5 a5 20. bxa5 bxc5 21. O-O cxd4 22. Ne2 Bxe5 23. Qxe5 Qxa5 24. Nxd4 Qxa2 25. f5 Rxc1 26. Rxc1 Qb2 27. Rc2 Qa1+ 28. Kh2 exf5 29. Rc7 Ba8 30. Qf4 {Game drawn by mutual agreement} 1/2-1/2

[Event "Team 45 45 League 2006 Invitational"]
[Site "Internet Chess Club"]
[Date "2006.12.16"]
[Round "6"]
[White "Budzo"]
[Black "jazzpiano"]
[Result "1-0"]
[WhiteElo "1793"]
[BlackElo "1660"]
[TimeControl "2700+45"]

1. Nf3 d5 2. d4 Nf6 3. c4 c6 4. Nc3 Bf5 5. e3 e6 6. Be2 Nbd7 7. O-O Bd6 8. cxd5 cxd5 9. h3 a6 10. Bd3 Bxd3 11. Qxd3 O-O 12. e4 dxe4 13. Nxe4 Nxe4 14. Qxe4 Qc7 15. Bg5 Rfe8 16. Rfc1 Qb8 17. Rc3 f6 18. Bd2 b5 19. Rac1 Bb4 20. Rc7 Bxd2 21. Nxd2 Ra7 22. R7c6 Nf8 23. Nb3 f5 24. Qe3 Qb7 25. Rd6 Qb8 26. Rcc6 a5 27. Nc5 Rc7 {Black resigns} 1-0